 Dungeon Crawl Stone Soup version 0.27-a0-75-g9f9dfd16e9 (webtiles) character file.

Game seed: 6450532512700035969

24 knot the Chopper (level 2, 0/24 HPs)
             Began as a Demonspawn Berserker on Jan 13, 2021.
             Was a Follower of Trog.
             Killed from afar by a dart slug (3 damage)
             ... with a slug dart
             ... on level 1 of the Dungeon.
             The game lasted 00:00:38 (624 turns).

knot the Chopper (Demonspawn Berserker)              Turns: 624, Time: 00:00:39

Health: 0/24       AC:  2    Str: 17    XL:     2   Next: 79%
Magic:  2/2        EV: 12    Int:  8    God:    Trog [*.....]
Gold:   65         SH:  0    Dex: 12    Spells: 1/1 levels left

rFire    . . .     SeeInvis .   a - +0 hand axe
rCold    . . .     Faith    .   (no shield)
rNeg     . . .     Spirit   .   b - +0 animal skin
rPois    .         Reflect  .   (helmet restricted)
rElec    .         Harm     .   (no cloak)
rCorr    .         Rampage  .   (no gloves)
Will     .....                  (no boots)
Stlth    +.........             (no amulet)
HPRegen  0.08/turn              (no ring)
MPRegen  0.08/turn              (no ring)

@: berserk cooldown, slowed, very slow
A: antennae 1
a: Renounce Religion, Berserk


You were on level 1 of the Dungeon.
You worshipped Trog.
Trog was aware of your devotion.
You visited 1 branch of the dungeon, and saw 1 of its levels.

You collected 65 gold pieces.

Inventory:

Hand Weapons
 a - a +0 hand axe (weapon)
Armour
 b - a +0 animal skin (worn)
Jewellery
 h - an uncursed ring of flight {unknown}
Scrolls
 d - 2 scrolls of magic mapping {unknown}
 g - a scroll of identify {unknown}
Potions
 c - a potion of ambrosia {unknown}
 e - 3 potions of invisibility {unknown}
 f - a potion of lignification {unknown}


   Skills:
 - Level 3.0 Fighting
 + Level 3.7 Axes
 - Level 1.7 Armour
 - Level 1.7 Dodging


You had one spell level left.
You didn't know any spells.
Your spell library was empty.

Dungeon Overview and Level Annotations

Branches:
Dungeon (1/15)

Altars:
Nemelex Xobeh


Innate Abilities, Weirdness & Mutations

You have a pair of small antennae on your head.


Message History

You start resting.
You feel a strong urge to attack something.
You start resting.
You are no longer berserk.
You are exhausted.
You feel yourself slow down.
You start resting.
A dart slug comes into view.
A dart slug is nearby!
A dart slug is nearby!
A dart slug is nearby!
The dart slug launches a dart at you. The slug dart misses you.
The dart slug launches a dart at you. The slug dart hits you.
* * * LOW HITPOINT WARNING * * *
You see here a bat corpse.
The dart slug launches a dart at you. The slug dart hits you.
You die...

#..............................
#.#..........[#....†....≈≈≈≈≈.≈
###.#.######.##.####.####.≈≈≈≈≈.≈
#.......# #.##.# #.# #.≈≈≈≈≈.≈
#.......# #..#.# ##.## #.≈≈≈≈≈.≈
#.......####⌠.⌠.###...###...w...≈
#..........†._..##.....#..≈≈≈≈..)
........####⌠.⌠.#......w.)≈≈≈≈.≈≈
..).....####†.†.@.........≈≈≈≈.≈≈
........#.................≈≈≈≈.≈≈
.##..............#.....#..≈≈≈≈.≈≈
. #..####.##..#..#.)............?
. #..# #.###.#..#.#.###.#..>....
#..# ... #.#..#.#.# #...#####.
... ..........#.#.# #.# #. $..
##......#..#.#.#####.##
##......#............#


You could see a dart slug.

Vanquished Creatures
  A gnoll (D:1)
  A dart slug (D:1)
  A ball python (D:1)
  A giant cockroach (D:1)
  2 hobgoblins (D:1)
  2 kobolds (D:1)
  2 bats (D:1)
  A frilled lizard (D:1)
  2 rats (D:1)
13 creatures vanquished.

Notes
Turn   | Place    | Note
-------+----------+-------------------------------------------
     0 | D:1      | knot the Demonspawn Berserker began the quest for the Orb.
     0 | D:1      | Reached XP level 1. HP: 18/18 MP: 1/1
    18 | D:1      | Found a sparkling altar of Nemelex Xobeh.
   446 | D:1      | Gained mutation: You have a pair of small antennae on your
                  | head. [demonic ancestry]
   446 | D:1      | Reached XP level 2. HP: 23/24 MP: 2/2
   607 | D:1      | HP: 1/24 [dart slug/slug dart (6)]
   624 | D:1      | Killed from afar by a dart slug

Illustrated notes

Levels and vault maps discovered:
D:1:      minmay_arrival_stone_box, layout_loops_ring, minivault_14,
          nemelex_xobeh_ov_fountains_minmay

Skill      XL: |  1 |
---------------+----+-----
Axes           | 3 |  3.7
Fighting       | |  3.0
Armour         | |  1.7
Dodging        | |  1.7

Action                   || total
-------------------------++-------
Melee: Hand axe          ||    46
Invok: Berserk           ||     1
Armor: Animal skin       ||     9
Dodge: Dodged            ||    32

Table legend: (Time is in decaauts)
 A = Elapsed time spent in this place.
 B = Non-inter-level travel time spent in this place.
 C = Inter-level travel time spent in this place.
 D = Time resting spent in this place.
 E = Time spent auto-exploring this place.
 F = Levels seen in this place.
 G = Mean time per level.
                   A        B        C        D        E       F      G
               +--------+--------+--------+--------+--------+-----+--------+
         Total |    641 |    641 |      0 |    409 |    114 |   1 |  641.0 |
       Dungeon |    641 |    641 |      0 |    409 |    114 |   1 |  641.0 |
               +--------+--------+--------+--------+--------+-----+--------+

Top non-repeatable levels by time:
     D:1: 641 daAuts
